Map: Submarino EE

Players

MrFercho

  • Race: Zerg Zerg
  • League: Gold
  • Spawn Location: 5:00

millermar - Winner!

  • Race: Terran Terran
  • League: Gold
  • Spawn Location: 11:00

VOD

Have the link to the VOD?

Description

Time

  • Played on: Aug. 5, 2020, 10:21 p.m.
  • Length: 20:25
Show
View Real Time Build Order
Export as new Build Order

MrFercho Zerg 

Build Orders: Hatch First, Roach Hydra 

Get SALT Encoding   

  12  0:00  Drone  
  13  0:12  Overlord  
  13  0:21  Drone  
  14  0:31  Drone x2  
  16  0:52  Hatchery  
  16  0:53  Drone  
  16  0:57  Drone  
  17  0:59  Drone  
  18  1:11  Extractor  
  18  1:17  Spawning Pool, Drone  
  17  1:20  Drone  
  18  1:28  Drone  
  19  1:40  Drone  
  20  1:50  Overlord  
  20  2:08  Zergling x4  
  21  2:13  Drone  
  21  2:14  Queen  
  21  2:15  Queen  
  27  2:17  Drone  
  27  2:19  Metabolic Boost  
  28  2:27  Drone x2  
  30  2:35  Overlord  
  30  2:45  Drone x2  
  32  2:53  Drone  
  33  2:59  Overlord  
  33  3:04  Drone  
  34  3:06  Drone  
  35  3:19  Drone x2  
  37  3:20  Queen  
  37  3:24  Lair  
  39  3:30  Drone x2  
  39  3:32  Extractor  
  40  3:44  Roach Warren  
  40  3:45  Drone x3  
  40  3:47  Evolution Chamber  
  41  3:54  Overlord  
  41  3:56  Overlord  
  41  3:59  Drone x3  
  44  4:03  Extractor  
  43  4:12  Queen  
  43  4:13  Zerg Missile Weapons Level 1  
  45  4:18  Drone x3  
  45  4:19  Drone  
  45  4:20  Drone x2  
  45  4:21  Drone x2  
  45  4:23  Glial Reconstitution  
  53  4:38  Evolution Chamber  
  52  4:58  Hydralisk Den, Drone  
  52  4:59  Drone  
  53  5:02  Hatchery  
  53  5:03  Infestation Pit  
  53  5:05  Extractor, Drone x2  
  52  5:10  Roach x4  
  60  5:22  Spine Crawler  
  59  5:31  Overlord x2  
  59  5:49  Roach x4  
  70  5:50  Roach x4  
  70  5:56  Muscular Augments, Hydralisk  
  57  5:57  Hydralisk  
  47  6:08  Zergling x8  
  51  6:18  Zergling x4  
  37  6:34  Hydralisk x3  
  37  6:37  Drone x4  
  47  6:47  Queen  
  47  6:50  Drone x4  
  53  7:07  Grooved Spines  
  53  7:10  Drone x5  
  53  7:15  Drone  
  59  7:17  Queen  
  59  7:18  Drone x2  
  63  7:24  Hydralisk  
  65  7:34  Queen  
  65  7:36  Drone x3  
  64  7:39  Hydralisk  
  64  7:43  Spore Crawler  
  60  7:45  Spore Crawler  
  60  7:46  Hydralisk  
  60  7:50  Ravager x2  
  48  8:14  Drone x9  
  57  8:25  Queen  
  59  8:38  Extractor  
  59  8:40  Hive  
  58  8:59  Hydralisk x4  
  66  9:05  Spore Crawler  
  62  9:22  Hydralisk  
  62  9:23  Hydralisk x2  
  63  9:25  Overlord  
  51  10:00  Drone x12  
  51  10:04  Drone  
  51  10:05  Drone  
  62  10:31  Zerg Missile Weapons Level 2  
  62  10:40  Drone x12  
  74  10:44  Zergling x4  
  76  11:04  Zerg Ground Armor Level 1  
  76  11:18  Lurker Den  
  76  11:23  Spire  
  76  11:24  Hydralisk  
  76  11:26  Overlord x3  
  76  11:27  Overlord x2  
  67  11:41  Pneumatized Carapace  
  67  11:42  Hydralisk x4  
  73  11:48  Zergling x2  
  73  11:49  Zergling x16  
  75  12:03  Zergling x4  
  75  12:04  Zergling x4  
  77  12:14  Hydralisk x5  
  86  12:21  Spore Crawler  
  72  12:30  Hydralisk x5  
  72  12:36  Hydralisk x2  
  75  13:01  Hydralisk x2  
  75  13:02  Hatchery  
  66  13:24  Zerg Missile Weapons Level 3  
  66  13:26  Zerg Ground Armor Level 2  
  64  13:39  Hydralisk  
  64  13:40  Hydralisk x4  
  70  13:53  Spore Crawler  
  69  13:56  Overlord  
  69  14:04  Drone x8  
  69  14:06  Extractor  
  69  14:08  Extractor  
  75  14:27  Overlord x2  
  75  14:30  Hydralisk x4  
  83  14:37  Hydralisk x2  
  73  14:47  Hydralisk x3  
  77  15:02  Spore Crawler  
  76  15:11  Drone  
  76  15:12  Drone x3  
  76  15:13  Drone  
  81  15:29  Hatchery  
  80  15:37  Hydralisk  
  80  15:38  Hydralisk x8  
  98  16:06  Zerg Ground Armor Level 3  
  98  16:08  Hydralisk x5  
  106  16:24  Hydralisk x4  
  108  16:28  Drone x3  
  97  16:37  Hydralisk x2  
  89  16:45  Hydralisk  
  89  16:46  Hydralisk  
  89  16:50  Queen  
  91  17:04  Seismic Spines  
  91  17:09  Adrenal Glands  
  91  17:15  Greater Spire  
  91  17:26  Extractor  
  91  17:27  Extractor  
  89  17:41  Drone  
  89  17:42  Hatchery  
  89  18:01  Adaptive Talons  
  89  18:14  Overlord x2  
  89  18:17  Hydralisk x16  
  95  18:38  Zergling x2  
  95  18:39  Zergling x26  
  77  19:02  Hydralisk  
  77  19:03  Hydralisk x6  
  59  19:26  Hydralisk x7  
  69  19:33  Hydralisk x2  
  71  19:39  Lurker  
  71  19:40  Lurker x2  
  71  19:42  Hydralisk  
  53  20:00  Hydralisk  
  53  20:01  Hydralisk x4  
Show
View Real Time Build Order
Export as new Build Order

millermar Terran - Winner!

Build Orders:  

Get SALT Encoding   

  12  0:01  SCV  
  13  0:15  Supply Depot  
  13  0:18  SCV  
  14  0:39  Supply Depot  
  14  0:43  Barracks  
  14  0:46  SCV  
  15  1:02  Barracks  
  15  1:03  SCV  
  16  1:08  Refinery  
  16  1:18  Refinery  
  16  1:19  SCV  
  17  1:52  Orbital Command  
  17  2:02  Supply Depot  
  17  2:14  Factory  
  17  2:20  SCV  
  18  2:25  Supply Depot  
  18  2:28  Marine x2  
  20  2:39  SCV  
  21  2:46  Barracks Reactor  
  21  2:56  Marine  
  22  3:00  Factory Tech Lab  
  22  3:06  Starport  
  22  3:15  SCV  
  23  3:20  Siege Tank  
  26  3:45  Medivac  
  26  3:46  Command Center  
  28  3:55  Siege Tank  
  31  4:00  Marine x2  
  33  4:08  SCV  
  34  4:15  Medivac  
  36  4:17  Marine  
  36  4:18  Marine  
  38  4:25  Marine  
  39  4:45  Fusion Core  
  39  4:48  Starport Tech Lab  
  39  4:57  Siege Tank  
  39  4:59  Marine x3  
  45  5:09  Orbital Command  
  45  5:33  Engineering Bay  
  42  6:04  Battlecruiser  
  42  6:08  Marine x3  
  42  6:10  SCV  
  48  6:22  SCV  
  49  6:26  Marine x2  
  47  6:34  SCV  
  48  6:55  Refinery  
  48  6:57  SCV  
  48  6:59  Refinery  
  44  7:09  SCV  
  45  7:22  SCV  
  46  7:34  SCV  
  41  8:08  Battlecruiser  
  47  8:13  Starport  
  47  8:16  Factory  
  47  8:17  Armory  
  47  8:22  Marine x3  
  47  8:26  SCV  
  51  8:31  SCV  
  52  8:38  SCV  
  52  8:40  Marine x3  
  56  8:43  SCV  
  57  8:50  SCV  
  57  8:55  SCV  
  59  8:57  Marine  
  59  8:58  Marine x2  
  59  9:02  Barracks  
  62  9:09  Factory Tech Lab  
  62  9:10  Starport Tech Lab  
  62  9:13  Supply Depot  
  62  9:16  SCV  
  62  9:17  Starport, Marine  
  62  9:18  Marine  
  62  9:19  Marine, SCV  
  58  9:28  SCV  
  53  9:31  SCV  
  53  9:35  Marine  
  53  9:36  Marine  
  53  9:37  Marine  
  55  9:54  Marine  
  55  9:57  Starport Tech Lab  
  55  9:59  Battlecruiser x2  
  62  10:04  Starport  
  62  10:07  Supply Depot, Siege Tank  
  62  10:08  Siege Tank  
  60  10:23  Barracks Tech Lab  
  60  10:25  Marine  
  60  10:26  Marine x2  
  62  10:41  Command Center  
  62  10:43  Marine x2  
  62  10:46  Starport Tech Lab  
  64  10:55  Armory  
  64  10:57  Weapon Refit  
  64  11:26  Battlecruiser  
  64  11:31  Battlecruiser  
  72  12:00  SCV  
  73  12:06  Refinery  
  69  12:09  Battlecruiser  
  69  12:11  Battlecruiser  
  69  12:12  SCV  
  82  12:16  Supply Depot  
  75  12:24  SCV  
  76  12:36  SCV  
  77  12:39  Supply Depot  
  77  12:49  SCV  
  78  13:02  Terran Ship Weapons Level 1  
  78  13:04  Terran Vehicle And Ship Armor Level 1  
  78  13:05  Supply Depot  
  78  13:07  Battlecruiser  
  78  13:09  Battlecruiser  
  66  13:51  Stimpack  
  66  13:54  Barracks Reactor  
  66  13:56  Marine x3  
  69  14:14  Marine x3  
  72  14:20  Refinery  
  72  14:25  Orbital Command  
  72  14:31  Marine  
  72  14:32  Marine x2  
  75  14:44  Command Center  
  75  14:49  Marine x2  
  75  14:50  Marine  
  78  15:07  Marine  
  78  15:11  Marine x3  
  78  15:12  Marine  
  83  15:16  Battlecruiser  
  83  15:17  Battlecruiser x3  
  107  15:21  Thor  
  107  15:25  Marine  
  114  15:29  Marine x4  
  114  15:31  Combat Shield  
  116  15:43  Marine  
  117  15:55  Marine x4  
  121  16:10  Thor  
  127  16:19  Thor  
  98  16:54  Marine  
  99  16:59  SCV  
  100  17:11  Marine, SCV  
  102  17:17  Refinery  
  102  17:25  Planetary Fortress  
  102  17:28  Missile Turret  
  102  17:29  Marine  
  103  17:32  Battlecruiser x2  
  103  17:35  Thor  
  121  17:47  Marine  
  121  18:02  Marine  
  121  18:03  Marine x3  
  121  18:05  Marine  
  126  18:09  Supply Depot  
  123  18:20  Marine x2  
  123  18:21  Marine x2  
  123  18:23  Marine  
  119  18:33  Supply Depot  
  119  18:38  Marine x2  
  109  19:12  Thor x2  
  121  19:28  Marine x5  
  126  19:46  Marine x5  
  132  20:03  Marine  
  132  20:04  Marine x4  
Tags
 
Composition
Roach Hydra
League
GoldGold
Matchup
TvZ
Replay Pack
MrFercho
Spawn Locations
Cross Positions
Add a new tag
Caveats
  • Supply blocks, unpowered buildings, or Contaminate may cause inaccurate times.
  • Supply counts are checked every 10 seconds.